 Dungeon Sprint DCSS version 0.19-a0-45-g2c295ea (webtiles) character file.

7700000 namelastname112 the Plane Walker (level 21, -19/122 HPs)
             Began as a Felid Warper on May 5, 2016.
             Was the Champion of Makhleb.
             Demolished by a meat berserker
             ... wielding a +9 battleaxe
              (51 damage)
             ... in the Dungeon (Sprint VIII: "Arena of Blood").
             The game lasted 00:01:48 (77 turns).

namelastname112 the Plane Walker (Felid Warper)       Turns: 77, Time: 00:01:49

Health: -19/122    AC:  3    Str:  7    XL:     21   Next: 99%
Magic:  53/53      EV: 44    Int: 15    God:    Makhleb [******]
Gold:   0          SH:  0    Dex: 25    Spells: 1 memorised, 73 levels left
                                        Lives:  0   Deaths: 2

rFire  . . .     SeeInvis +       - Unarmed
rCold  + . .     Gourm    .     (armour unavailable)
rNeg   . . .     Faith    .     (shield unavailable)
rPois  .         Spirit   .     (helmet unavailable)
rElec  .         Dismiss  .     (cloak unavailable)
rCorr  .         Reflect  .     (gloves unavailable)
SustAt .         Harm     .     (boots unavailable)
MR     +++..     NoTele   +     (no amulet)
Stlth  ++++++++++               (no ring)
                                i - +27000 ring of slaying

@: quick, extremely resistant to hostile enchantments, uncannily stealthy
A: no armour, no weapons or thrown items, claws 1, fangs 3, see invisible,
carnivore 3, speed 1, shaggy fur 3, slow metabolism 1, sharp paws
a: Minor Destruction, Lesser Servant of Makhleb, Major Destruction, Greater
Servant of Makhleb, Renounce Religion


You were in the Dungeon.
You worshipped Makhleb.
Makhleb was exalted by your worship.
You were not hungry.

You visited 1 branch

Inventory:

Jewellery
 i - a +27000 ring of slaying (left paw)
Scrolls
 b - a scroll of blinking
Potions
 d - a potion of curing
 e - a potion of heal wounds
 f - a potion of haste
 g - 2 potions of magic
 h - a potion of berserk rage
Books
 a - a book of Spatial Translocations

   Spells                             Type                      Level
   a - Apportation                    Translocation                1
   b - Blink                          Translocation                2
   c - Shroud of Golubria             Charms/Translocation         2
   d - Portal Projectile              Translocation                3
   e - Teleport Other                 Translocation                3
   f - Passage of Golubria            Translocation                4
Comestibles
 c - a meat ration


   Skills:
 O Level 27 Fighting
 O Level 27 Dodging
 O Level 27 Stealth
 O Level 27 Unarmed Combat
 O Level 27 Spellcasting
 O Level 27 Translocations
 O Level 27 Invocations


You had 73 spell levels left.
You knew the following spells:

 Your Spells              Type           Power        Failure   Level  Hunger
e - Apportation           Tloc           #######...   0%          1    None


Dungeon Overview and Level Annotations

Branches:
Dungeon (1/1)

Altars:
Makhleb


Innate Abilities, Weirdness & Mutations

You cannot wear armour.
You are incapable of wielding weapons or throwing items.
You have sharp claws.
You have razor-sharp teeth.
You have supernaturally acute eyesight.
You are carnivorous and can eat meat at any time.
You cover ground quickly.
Your thick and shaggy fur keeps you warm (AC +3, rC+).
You have a slow metabolism.
Your sharp claws are effective at attacking unaware monsters.


Message History

The bag of meat shouts!
The bag of meat convulses!
The bag of meat shouts!
The destroyer moves out of view.
You hear a shout! x2
An orc and a vampire knight come into view.
You take 60 damage, and have 62/122 hp.
MASSIVE DAMAGE!!
You hear a shout! x5
The dread calls on the powers of darkness!
The bag of meat convulses! x3; The meat berserker convulses!
The large bag of meat convulses!
The bag of meat convulses! x2
The meat berserker convulses!
The bag of meat convulses!
The meat berserker convulses!
The bag of meat convulses!
The meat berserker convulses!
Your body is wracked with pain!
* * * LOW HITPOINT WARNING * * *
The meat berserker convulses!
The bag of meat convulses!
The meat berserker convulses!
The bag of meat convulses!
You hear a shout! x9
The meat berserker hits you with a +9 battleaxe!!!
You die...

................
.....#.#Wo.....
............o.z####
...O......oC.o..Vo
..........O.o...M.
.................o.O..o.
..........V.........O..2
.......#.......#oO...oV.
.#o.o. #...V...#@O.ooOo.
...o.###†......###....W.
.Loxooo))x###.........oM
oo#.o.C.).._...... .....
#)o§.OCC#)....#. ...#.


ooCXzOoo#_)<._# V... #oC.o.ox#L)...#.. o#C# .o#CoxXX)OX_......
.oO..L.X.O###...... You could see 2 accurseds, a meat beast (wandering), 2
destroyers, a sculptor of flesh, a large bag of meat (inner flame), 2 dreads, 6
meat berserkers and 14 bags of meat.

Vanquished Creatures
  7 vampire knights (D)
  15 ogres (D)
  A hydra (D)
  24 orcs (D)
  A hill giant (D)
  A skeletal warrior (D)
  A small abomination (D)
50 creatures vanquished.

Vanquished Creatures (others)
  3 orcs (D)
  6 crawling corpses (D)
9 creatures vanquished.

Grand Total: 59 creatures vanquished

Notes
Turn   | Place    | Note
--------------------------------------------------------------
     0 | D        | namelastname112 the Felid Warper began the quest for the Orb.
     0 | D        | Reached XP level 1. HP: 9/9 MP: 4/4
     3 | D        | Noticed a bag of meat
     5 | D        | Noticed a bag of meat
     5 | D        | Noticed a bag of meat
     6 | D        | Noticed a meat berserker
     7 | D        | Noticed a meat berserker
     8 | D        | Became a worshipper of Makhleb the Destroyer
     9 | D        | Noticed a bag of meat
     9 | D        | Noticed a bag of meat
     9 | D        | Noticed a bag of meat
    10 | D        | Noticed a bag of meat
    10 | D        | Killed a bag of meat
    10 | D        | Reached skill level 10 in Fighting
    10 | D        | Reached XP level 2. HP: 21/21 MP: 4/15
    10 | D        | Reached XP level 3. HP: 25/25 MP: 4/16
    10 | D        | Reached XP level 4. HP: 28/28 MP: 4/18
    10 | D        | Reached XP level 5. HP: 32/32 MP: 4/19
    10 | D        | Gained mutation: You are covered in thick fur (AC +2). [Felid growth]
    10 | D        | Reached XP level 6. HP: 36/36 MP: 4/21
    10 | D        | Reached XP level 7. HP: 40/40 MP: 4/22
    10 | D        | Reached XP level 8. HP: 43/43 MP: 4/24
    10 | D        | Reached XP level 9. HP: 47/47 MP: 4/25
    10 | D        | Reached XP level 10. HP: 51/51 MP: 4/26
    10 | D        | Reached XP level 11. HP: 55/55 MP: 4/27
    11 | D        | Killed a meat berserker
    11 | D        | Reached * piety under Makhleb
    11 | D        | Reached skill level 15 in Spellcasting
    11 | D        | Reached skill level 27 in Translocations
    11 | D        | Gained mutation: Your thick and shaggy fur keeps you warm (AC +3, rC+). [Felid growth]
    11 | D        | Reached XP level 12. HP: 63/63 MP: 4/32
    11 | D        | Reached XP level 13. HP: 67/67 MP: 4/33
    12 | D        | Killed a bag of meat
    12 | D        | Reached skill level 15 in Fighting
    12 | D        | Reached XP level 14. HP: 73/73 MP: 4/35
    13 | D        | Killed a bag of meat
    13 | D        | Reached ** piety under Makhleb
    13 | D        | Reached skill level 15 in Unarmed Combat
    14 | D        | Killed a meat berserker
    14 | D        | Reached skill level 27 in Dodging
    14 | D        | Reached XP level 15. HP: 82/82 MP: 4/39
    15 | D        | Noticed a meat berserker
    15 | D        | Noticed a meat berserker
    16 | D        | Killed a meat berserker
    16 | D        | Reached *** piety under Makhleb
    16 | D        | Reached XP level 16. HP: 91/91 MP: 5/42
    18 | D        | Noticed a meat berserker
    19 | D        | Reached **** piety under Makhleb
    19 | D        | Reached XP level 17. HP: 99/99 MP: 5/46
    20 | D        | Noticed a meat berserker
    21 | D        | Killed a meat berserker
    22 | D        | Noticed a meat berserker
    22 | D        | Reached ***** piety under Makhleb
    22 | D        | Reached skill level 27 in Fighting
    22 | D        | Reached skill level 27 in Unarmed Combat
    22 | D        | Reached skill level 27 in Spellcasting
    22 | D        | Reached XP level 18. HP: 109/109 MP: 6/50
    23 | D        | Reached skill level 10 in Invocations
    25 | D        | Killed a meat berserker
    25 | D        | Reached XP level 19. HP: 113/113 MP: 6/51
    25 | D        | Noticed a large bag of meat
    28 | D        | Noticed a meat berserker
    28 | D        | Noticed a destroyer
    28 | D        | Noticed a destroyer
    29 | D        | Killed a meat berserker
    29 | D        | Reached skill level 27 in Stealth
    30 | D        | Noticed a large bag of meat
    31 | D        | Noticed a destroyer
    31 | D        | Noticed a large bag of meat
    31 | D        | Killed a destroyer
    31 | D        | Reached skill level 27 in Invocations
    32 | D        | Killed a destroyer
    32 | D        | Reached ****** piety under Makhleb
    32 | D        | Reached XP level 20. HP: 95/118 MP: 8/52
    33 | D        | Noticed a meat berserker
    33 | D        | Noticed a meat berserker
    33 | D        | Killed a meat berserker
    34 | D        | Noticed an eight-headed meat hydra
    37 | D        | Noticed a meat berserker
    39 | D        | Noticed a meat berserker
    39 | D        | Noticed a meat berserker
    39 | D        | Noticed an eight-headed meat hydra
    40 | D        | Noticed a meat berserker
    41 | D        | Killed a meat berserker
    41 | D        | Reached XP level 21. HP: 14/122 MP: 10/53
    44 | D        | Noticed a destroyer
    48 | D        | Noticed a destroyer
    55 | D        | Noticed a tyrant
    58 | D        | Noticed a destroyer
    58 | D        | Killed a destroyer
    58 | D        | Reached XP level 22. HP: 106/127 MP: 13/54
    58 | D        | Noticed a tyrant
    59 | D        | Killed a destroyer
    60 | D        | Noticed a tyrant
    60 | D        | Noticed a destroyer
    62 | D        | Killed a destroyer
    62 | D        | Reached XP level 23. HP: 131/131 MP: 13/55
    66 | D        | Noticed an accursed
    67 | D        | Noticed a meat beast
    67 | D        | Noticed an accursed
    67 | D        | Killed from afar by a tyrant
    68 | D        | Reached XP level 22. HP: -21/127 MP: 15/54
    68 | D        | Noticed a destroyer
    69 | D        | Killed a destroyer
    71 | D        | Killed a destroyer
    73 | D        | Noticed a destroyer
    73 | D        | Killed from afar by a tyrant
    74 | D        | Reached XP level 21. HP: -3/122 MP: 53/53
    74 | D        | Noticed an accursed
    74 | D        | Noticed a destroyer
    74 | D        | Noticed a dread
    74 | D        | Noticed a dread
    75 | D        | Noticed an accursed
    75 | D        | Noticed a destroyer
    75 | D        | Noticed a destroyer
    77 | D        | Noticed a destroyer
    77 | D        | Demolished by a meat berserker

Vault maps used:
D:        meatsprint

Skill      XL: |  1  2  3  4  5  6  7  8  9 10 11 12 13 14 15 16 17 18 19 |
---------------+----------------------------------------------------------+-----
Fighting       | 10 13 15 18 21 24 27 | 27.0
Dodging        | 16 22 23 27 | 27.0
Unarmed Combat | 9 13 14 18 20 23 27 | 27.0
Spellcasting   | 11 15 16 19 21 24 27 | 27.0
Translocations | 24 27 | 27.0
Stealth        | 25 27 | 27.0
Invocations    | 19 27 | 27.0

Action                   |  1- 3 |  4- 6 |  7- 9 | 10-12 | 13-15 | 16-18 | 19-21 | 22-24 || total
-------------------------+-------+-------+-------+-------+-------+-------+-------+-------++-------
Melee: Unarmed           |     1 |       |       |     1 |     4 |     9 |    23 |    12 ||    50
  Use: Scroll            |       |       |       |       |       |       |       |     1 ||     1
Dodge: Dodged            |       |       |       |       |       |     2 |     9 |     1 ||    12
